 Dungeon Crawl Stone Soup version 0.21-a0-615-g8e08f28 (webtiles) character file.

41 slep the Ducker (level 3, 0/28 HPs)
             Began as a Demonspawn Gladiator on Dec 23, 2017.
             Succumbed to an adder's poison
             ... on level 2 of the Dungeon.
             The game lasted 00:02:59 (957 turns).

slep the Ducker (Demonspawn Gladiator)               Turns: 957, Time: 00:02:59

Health: 0/28       AC:  5    Str: 14    XL:     3   Next: 32%
Magic:  3/3        EV: 13    Int:  9    God:
Gold:   11         SH:  0    Dex: 15    Spells: 2/2 levels left

rFire    . . .     SeeInvis .   a - +0 long sword
rCold    . . .     Gourm    .   (no shield)
rNeg     . . .     Faith    .   b - +0 leather armour
rPois    .         Spirit   .   c - +0 helmet
rElec    .         Reflect  .   p - scarf {repulsion}
rCorr    .         Harm     .   (no gloves)
MR       .....                  (no boots)
Stlth    +.........             (no amulet)
HPRegen  0.09/turn              (no ring)
MPRegen  0.08/turn              (no ring)

@: lethally poisoned (0 -> -14), hasted, repel missiles, very quick
A: hooves 1, rugged brown scales 1
a: no special abilities


You were on level 2 of the Dungeon.
You were not hungry.

You visited 1 branch of the dungeon, and saw 2 of its levels.

You collected 11 gold pieces.

Inventory:

Hand Weapons
 a - a +0 long sword (weapon)
Missiles
 d - 3 throwing nets (quivered)
 l - 8 sling bullets
Armour
 b - a +0 leather armour (worn)
 c - a +0 helmet (worn)
 p - a scarf of repulsion (worn)
Scrolls
 e - a scroll of fog {unknown}
 g - 2 scrolls of identify {unknown}
 h - a scroll of amnesia {unknown}
 j - a scroll of fear {unknown}
 k - a scroll of immolation {unknown}
 m - a scroll of teleportation {unknown}
 n - a scroll of blinking {unknown}
Potions
 i - a potion of heal wounds {unknown}
Comestibles
 f - 6 rations


   Skills:
 + Level 2.4 Fighting
 + Level 3.2 Long Blades
 + Level 1.8 Throwing
 + Level 0.1 Armour
 + Level 3.3 Dodging


You had 2 spell levels left.
You didn't know any spells.

Dungeon Overview and Level Annotations

Branches:
Dungeon (2/15)

Altars:


Innate Abilities, Weirdness & Mutations

You have large cloven feet.
You are partially covered in rugged brown scales. (AC +1, +3% HP)


Message History

The adder bites you.
You closely miss the adder. Your kick misses the adder.
The adder is severely wounded.
* * * LOW HITPOINT WARNING * * *
You feel sick. The quokka barely misses you. The adder misses you.
The quokka bites you.
* * * LOW HITPOINT WARNING * * *
You barely miss the adder. Your kick misses the adder.
The adder is severely wounded.
* * * LOW HITPOINT WARNING * * *
You feel sick. The adder misses you.
The quokka bites you but does no damage.
The adder completely misses you.
You riposte.
You hit the adder.
The adder is almost dead.
You hit the adder but do no damage.
The adder is almost dead.
* * * LOW HITPOINT WARNING * * *
You feel sick. The quokka completely misses you. The adder barely misses you.
It was a potion of haste.
You feel yourself speed up.
You die...

.....(.#.....#####.#
...............# #.#
...............# #.#
...............# #.#
...)...........###.#
#+#####........'...#
####+### #........#####
#?.....###........#....
#....r@'.......#..#.###
#....?S#######....#.#..
#......# ##...#.#.#
#......# #####...#.#.#
#!....... #.......#.#..
#........ #.......#.###
... #........
+.......#.# ....
#.........
#.......#.### ........#
+.......#....


You could see an adder and a quokka.

Vanquished Creatures
  An ooze (D:1)
  2 dart slugs (D:1)
  A leopard gecko (D:1)
  5 giant cockroaches
  4 hobgoblins
  3 bats (D:1)
  3 frilled lizards
  2 goblins
  7 kobolds (D:1)
  5 rats
33 creatures vanquished.

Notes
Turn   | Place    | Note
-------+----------+-------------------------------------------
     0 | D:1      | slep the Demonspawn Gladiator began the quest for the Orb.
     0 | D:1      | Reached XP level 1. HP: 16/16 MP: 1/1
    71 | D:1      | Gained mutation: You have large cloven feet. [demonic ancestry]
    71 | D:1      | Reached XP level 2. HP: 20/22 MP: 2/2
   393 | D:1      | Gained mutation: You are partially covered in rugged brown scales. (AC +1, +3% HP) [demonic ancestry]
   393 | D:1      | Reached XP level 3. HP: 14/27 MP: 3/3
   956 | D:2      | HP: 1/28 [poisoned by an adder]
   957 | D:2      | Succumbed to an adder's poison

Vault maps used:
D:1:      minmay_arrival_hallway
D:2:      dk_vineyard_3, uniq_crazy_yiuf_cottage

Skill      XL: |  1  2 |
---------------+-------+-----
Long Blades    | 3 |  3.2
Dodging        | 3 |  3.3
Fighting       | |  2.4
Throwing       | |  1.8
Armour         | |  0.1

Action                   || total
-------------------------++-------
Melee: Long sword        ||    80
       Kick              ||    14
  Use: Potion            ||     1
Armor: Leather armour    ||    32
Dodge: Dodged            ||    48
       Rpst.: Long sword ||    10

Table legend:
 A = Spawn XP
 B = Non-spawn XP
 C = Spawn XP percentage of total XP
 D = Spawn monster count
 E = Non-spawn monster count
 F = Spawn count percentage of total count
 G = Total turns spent on level
                    A         B        C        D         E        F      G
               +---------+---------+-------+---------+---------+-------+---------
         Total |       0 |      59 |   0.0 |       0 |      33 |   0.0 |   957
               +---------+---------+-------+---------+---------+-------+---------
           D:1 |       0 |      50 |   0.0 |       0 |      27 |   0.0 |   623
           D:2 |       0 |       9 |   0.0 |       0 |       6 |   0.0 |   334
               +---------+---------+-------+---------+---------+-------+---------
